[Event "*** Titled Tuesday Blitz"]
[Site "Chess.com"]
[Date "2021.03.09"]
[Round "1"]
[White "freshfoodcompany"]
[Black "Zhuu96"]
[Result "0-1"]
[WhiteElo "2446"]
[BlackElo "2852"]
[TimeControl "180+1"]
[EndTime "10:05:45 PST"]
[Termination "Zhuu96 won by checkmate"]

1. d4 Nf6 2. c4 e6 3. Nf3 c5 4. d5 exd5 5. cxd5 b5 6. g3 d6 7. Bg2 g6 8. O-O Bg7 9. Nc3 b4 10. Na4 O-O 11. Bg5 Nbd7 12. Rc1 Re8 13. b3 Qa5 14.
Nd2 Ba6 15. Nc4 Bxc4 16. Rxc4 Nb6 17. Nxb6 axb6 18. Rc2 Ne4 19. Bxe4 Rxe4 20. Qc1 Qa6 21.
Bf4 Rd8 22. Re1 b5 23. f3 Rd4 24. e4 Rd3 25. Kg2 c4 26. bxc4 bxc4 27. Re3 Rxe3 28. Bxe3 b3 29. axb3 cxb3 30. Rd2 Rb8 31. Qc7 Rc8 32.
Qd7 b2 33. Rd1 Rf8 34. Kf2 Qa2 35. Kg1 b1=Q 36. Rxb1 Qxb1+ 37. Kg2 Qc2+ 38. Kh3 Qe2 39. Bf4 Qxf3 40. Bxd6 Ra8 41. Be7 Qxe4 42. d6 h5 43. Qc7 Qg4+ 44. Kg2 Ra2+ 45. Kg1 Qd1# 0-1

[Event "*** Titled Tuesday Blitz"]
[Site "Chess.com"]
[Date "2021.03.09"]
[Round "1"]
[White "Cambek64"]
[Black "superjem123"]
[Result "0-1"]
[WhiteElo "2397"]
[BlackElo "2731"]
[TimeControl "180+1"]
[EndTime "10:05:45 PST"]
[Termination "superjem123 won on time"]

1. e3 g6 2. d4 c5 3. Nf3 Bg7 4. d5 Nf6 5. c4 O-O 6. Nc3 e6 7. e4 exd5 8. exd5 Re8+ 9. Be2 d6 10.
O-O Ne4 11. Nxe4 Rxe4 12. Bd3 Re8 13. Bg5 Qb6 14. Rb1 Bg4 15. h3 Bxf3 16. Qxf3 Nd7 17. Bf4 Ne5 18. Bxe5 Rxe5 19. Rfe1 Rae8 20. Rxe5 Bxe5 21. g3 Qa5 22. a3 Qd2 23. Qd1 Qxd1+ 24. Rxd1 Bxb2 25. Rb1 Bxa3 26. Rxb7 Re1+ 27. Kg2 Rd1 28. Be2 Rd2 29. Rxa7 Rxe2 30. Rxa3 Kf8 31. Ra8+ Re8 32. Rxe8+ Kxe8 33. Kf3 Kd7 34. Ke3 Kc7 35. Kd3 Kd7 36. Kc3 Ke7 0-1

[Event "*** Titled Tuesday Blitz"]
[Site "Chess.com"]
[Date "2021.03.09"]
[Round "1"]
[White "UmarovSabir"]
[Black "Vesper2018"]
[Result "0-1"]
[WhiteElo "2288"]
[BlackElo "2594"]
[TimeControl "180+1"]
[EndTime "10:05:45 PST"]
[Termination "Vesper2018 won on time"]

1. e4 c5 2. Nf3 d6 3. d4 cxd4 4.
Qxd4 Nc6 5. Qe3 g6 6. c4 Bg7 7. Be2 Nf6 8. O-O O-O 9. Nc3 Ne8 10. Rd1 Bg4 11. h3 Bxf3 12. Bxf3 Nc7 13. b3 Ne6 14. Bb2 Ned4 15. Rac1 e5 16. Nd5 f5 17. exf5 gxf5 18. Bxd4 Nxd4 19. Rxd4 exd4 20. Qe6+ Kh8 21. Nf4 Qg5 22.
g3 Rae8 23. Qxd6 Be5 24. h4 Qg7 0-1

[Event "*** Titled Tuesday Blitz"]
[Site "Chess.com"]
[Date "2021.03.09"]
[Round "1"]
[White "kuli4ik"]
[Black "marianokar"]
[Result "1-0"]
[WhiteElo "2909"]
[BlackElo "2464"]
[TimeControl "180+1"]
[EndTime "10:05:48 PST"]
[Termination "kuli4ik won by resignation"]

1. Nf3 d5 2. g3 e6 3. Bg2 Nf6 4. O-O Be7 5. c4 O-O 6. d4 dxc4 7. Qc2 a6 8. a4 Bd7 9. Ne5 Bc6 10. Nxc6 Nxc6 11. e3 Na5 12. Nd2 c5 13. Nxc4 cxd4 14. Nxa5 Qxa5 15. Bxb7 Rab8 16. Bf3 Rfc8 17. Qe2 Bc5 18.
Bd2 Bb4 19. Bxb4 Rxb4 20. exd4 Qb6 21. a5 Qb8 22. Qxa6 Rxb2 23. Rfc1 Rxc1+ 24. Rxc1 Rb1 25. Rxb1 Qxb1+ 26. Kg2 h5 27. Qb7 Qa2 28. a6 Nd5 29.
Bxd5 1-0

[Event "*** Titled Tuesday Blitz"]
[Site "Chess.com"]
[Date "2021.03.09"]
[Round "1"]
[White "Agoking701"]
[Black "Federtiu"]
[Result "0-1"]
[WhiteElo "2346"]
[BlackElo "2650"]
[TimeControl "180+1"]
[EndTime "10:05:48 PST"]
[Termination "Federtiu won by resignation"]

1. e4 c6 2. d4 d5 3. Nc3 dxe4 4. Nxe4 Nd7 5. Ng5 Ngf6 6. Bd3 e5 7. N1f3 Be7 8. O-O exd4 9. Nxd4 Ne5 10. Re1 Qxd4 11. Be3 Qd5 12. Bf4 Nxd3 13. cxd3 h6 14. Qe2 O-O 15. Qxe7 hxg5 16. Bd6 Re8 17. Qxe8+ Nxe8 18. Rxe8+ Kh7 19. Bb4 Bh3 20. Re4 Bxg2 0-1

[Event "*** Titled Tuesday Blitz"]
[Site "Chess.com"]
[Date "2021.03.09"]
[Round "1"]
[White "chessmachine14"]
[Black "klimkoj"]
[Result "0-1"]
[WhiteElo "2303"]
[BlackElo "2606"]
[TimeControl "180+1"]
[EndTime "10:05:48 PST"]
[Termination "klimkoj won on time"]

1. e4 c5 2. Nf3 d6 3. d4 cxd4 4. Nxd4 Nf6 5. Nc3 a6 6. Be3 e5 7. Nb3 Be6 8. f3 h5 9. Nd5 Bxd5 10. exd5 Nbd7 11. Qd2 g6 12. Na5 Qc7 13. Be2 e4 14. O-O exf3 15. Rxf3 Bg7 16. Nb3 O-O 17. Bh6 Ne5 18.
Rf2 Ne4 19. Qf4 Nxf2 20. Bxg7 Kxg7 21. Qxf2 Qxc2 22. Rf1 Qc7 23. Nd4 Qd8 24. Qg3 Kh7 25. Qh3 Qg5 26. Kh1 Rae8 27. g3 Ng4 28. Bd3 Kg8 29.
Nf3 Qxd5 0-1

[Event "*** Titled Tuesday Blitz"]
[Site "Chess.com"]
[Date "2021.03.09"]
[Round "1"]
[White "Gabrielian_Artur"]
[Black "Aslanov_Umid"]
[Result "1-0"]
[WhiteElo "2799"]
[BlackElo "2420"]
[TimeControl "180+1"]
[EndTime "10:05:49 PST"]
[Termination "Gabrielian_Artur won by checkmate"]

1. e4 c5 2. Nc3 d6 3. d4 cxd4 4. Qxd4 a6 5. b3 Nc6 6. Qd2 g6 7. Bb2 Bg7 8. O-O-O Nf6 9. f3 O-O 10. h4 b5 11. Nd5 Nxd5 12. exd5 Ne5 13. h5 Bd7 14. f4 Ng4 15. Bxg7 Kxg7 16. Be2 Nf6 17. hxg6 hxg6 18. Nf3 Rc8 19. f5 Rh8 20. fxg6 fxg6 21. Bd3 Qf8 22. Nh4 Nxd5 23. Rdf1 Qd8 24. Bxg6 Nc3 25. Qg5 e5 26. Rf7+ Kg8 27. Rf6 Kg7 28. Bf5# 1-0

[Event "*** Titled Tuesday Blitz"]
[Site "Chess.com"]
[Date "2021.03.09"]
[Round "1"]
[White "Kale36"]
[Black "KNCP_719"]
[Result "1-0"]
[WhiteElo "2311"]
[BlackElo "2584"]
[TimeControl "180+1"]
[EndTime "10:05:50 PST"]
[Termination "Kale36 won by checkmate"]

1. b3 e5 2. Bb2 Nc6 3. e3 Nf6 4. Bb5 Bd6 5. Na3 e4 6. Nc4 Be7 7. f4 exf3 8. Nxf3 O-O 9. O-O d5 10. Bxc6 bxc6 11. Nce5 Qe8 12. Nd4 c5 13. Nf5 Bd6 14.
Nxg7 Kxg7 15. Ng4 d4 16. Nxf6 Qe5 17. Qh5 Qxh5 18. Nxh5+ Kh6 19. Nf4 dxe3 20. dxe3 Re8 21. Rf3 Bd7 22. Raf1 Re7 23. Rg3 Be6 24. Bg7# 1-0

[Event "*** Titled Tuesday Blitz"]
[Site "Chess.com"]
[Date "2021.03.09"]
[Round "1"]
[White "Loy_Konstantin"]
[Black "elextranjero00"]
[Result "1/2-1/2"]
[WhiteElo "2358"]
[BlackElo "2651"]
[TimeControl "180+1"]
[EndTime "10:05:51 PST"]
[Termination "Game drawn by repetition"]

1. e4 c5 2. Nf3 e6 3. d3 Nc6 4.
g3 g6 5. Bg2 Bg7 6. O-O Nge7 7.
Re1 e5 8. c3 d6 9. a3 O-O 10.
b4 a6 11. Nbd2 h6 12. Rb1 b5 13. Nb3 a5 14. bxc5 a4 15. cxd6 Qxd6 16. Na1 Rb8 17. Nc2 Be6 18. Nb4 Rfd8 19. d4 Bb3 20. Qe2 Bc4 21. Qd1 Bb3 22. Qe2 Bc4 23. Qd1 Bb3 1/2-1/2

[Event "*** Titled Tuesday Blitz"]
[Site "Chess.com"]
[Date "2021.03.09"]
[Round "1"]
[White "lucachess49"]
[Black "Kobalia"]
[Result "0-1"]
[WhiteElo "2392"]
[BlackElo "2718"]
[TimeControl "180+1"]
[EndTime "10:05:54 PST"]
[Termination "Kobalia won by resignation"]

1. d4 Nf6 2. c4 g6 3. Nc3 Bg7 4. e4 O-O 5. f3 d6 6. Nge2 c6 7.
Be3 a6 8. Qd2 b5 9. b3 bxc4 10.
bxc4 a5 11. g4 Ba6 12. Ng3 d5 13. e5 Nfd7 14. h4 c5 15. Bh6 cxd4 16. Bxg7 Kxg7 17. Qxd4 Nc6 18. Qf4 Ndxe5 19. h5 Qd6 20. Nxd5 Nxf3+ 21. Qxf3 Qe5+ 22. Kf2 Qxa1 23. Qe3 Qd4 24. Be2 Rab8 25.
Rd1 Qxe3+ 26. Kxe3 Rfd8 27. Bf3 e6 28. Nc3 Rxd1 29.
Nxd1 Ne5 30. Be2 Bxc4 0-1

[Event "*** Titled Tuesday Blitz"]
[Site "Chess.com"]
[Date "2021.03.09"]
[Round "1"]
[White "halldorgretar"]
[Black "Grieve72"]
[Result "1-0"]
[WhiteElo "2245"]
[BlackElo "2527"]
[TimeControl "180+1"]
[EndTime "10:05:57 PST"]
[Termination "halldorgretar won by checkmate"]

1. d4 d5 2. c4 e6 3. Nf3 c6 4. g3 dxc4 5. Bg2 b5 6. a4 Bb7 7.
O-O Nf6 8. Ne5 Qc8 9. b3 cxb3 10. Qxb3 b4 11. Nd2 Nbd7 12. Ndc4 Be7 13. a5 c5 14.
Bxb7 Qxb7 15. a6 Qd5 16. Nxd7 Nxd7 17. dxc5 Bxc5 18. Rd1 Qc6 19. Bb2 O-O 20. Rac1 Rfd8 21. Ne3 Qb5 22. Ng4 Bf8 23. Qf3 Qxa6 24. Nh6+ Kh8 25.
Qxf7 Nf6 26. Bxf6 gxf6 27. Qg8# 1-0

[Event "*** Titled Tuesday Blitz"]
[Site "Chess.com"]
[Date "2021.03.09"]
[Round "1"]
[White "Deepweb2020"]
[Black "MITerryble"]
[Result "0-1"]
[WhiteElo "2472"]
[BlackElo "2953"]
[TimeControl "180+1"]
[EndTime "10:05:58 PST"]
[Termination "MITerryble won by checkmate"]

1. d4 e6 2. Bf4 Nf6 3. e3 b6 4.
c3 Bb7 5. Nf3 Bd6 6. Bg3 Bxg3 7.
hxg3 h6 8. Nbd2 d6 9. Bd3 Nbd7 10. e4 e5 11. Qe2 a6 12. a4 Qe7 13. Nh4 g6 14. f4 h5 15. Nhf3 Ng4 16. O-O-O Bc6 17.
b3 b5 18. axb5 Bxb5 19. Bxb5 axb5 20. Kb2 O-O 21. f5 d5 22. b4 exd4 23. Nxd4 c5 24.
Nxb5 cxb4 25. c4 Qe5+ 26. Kb3 Ra3+ 27. Nxa3 Qc3+ 28. Ka2 Ra8 29. Nb1 b3# 0-1

[Event "*** Titled Tuesday Blitz"]
[Site "Chess.com"]
[Date "2021.03.09"]
[Round "1"]
[White "MaevskiyNikolay"]
[Black "KarateBaby"]
[Result "1-0"]
[WhiteElo "2537"]
[BlackElo "2208"]
[TimeControl "180+1"]
[EndTime "10:05:58 PST"]
[Termination "MaevskiyNikolay won by checkmate"]

1. d4 g6 2. e4 Bg7 3. Nc3 d6 4. Be3 a6 5. a4 Nc6 6. Nge2 e5 7. Qd2 exd4 8. Nxd4 Nf6 9. f3 O-O 10. Bc4 Nh5 11. O-O Qh4 12. Nxc6 bxc6 13. Bg5 Bd4+ 14. Qxd4 Qxg5 15. Rf2 Nf4 16. Kh1 Rb8 17. Bb3 Be6 18.
Bxe6 Nxe6 19. Qc4 Rxb2 20. Qxc6 Qf6 21. Nd5 Qd4 22. Raf1 Rfb8 23. g3 Rb1 24. Kg2 Rxf1 25. Rxf1 Rb2 26. Rf2 Rb1 27. Nxc7 Ng5 28. Qa8+ Kg7 29.
Ne8+ Kh6 30. h4 Rg1+ 31. Kxg1 Nh3+ 32. Kh2 Qxf2+ 33. Kxh3 Qf1+ 34. Kg4 Qa1 35. Qd5 Qc3 36. Qg5# 1-0

[Event "*** Titled Tuesday Blitz"]
[Site "Chess.com"]
[Date "2021.03.09"]
[Round "1"]
[White "eduardoperalta"]
[Black "bogcsab"]
[Result "1-0"]
[WhiteElo "2521"]
[BlackElo "2171"]
[TimeControl "180+1"]
[EndTime "10:05:58 PST"]
[Termination "eduardoperalta won on time"]

1. d4 Nf6 2. c4 g6 3. Nc3 Bg7 4. e4 d6 5. f3 O-O 6. Bg5 h6 7. Be3 e5 8. d5 Nh5 9. Qd2 Qh4+ 10. Bf2 Qf4 11. Nge2 Qxd2+ 12. Kxd2 f5 13. Be3 Na6 14. Nc1 fxe4 15. fxe4 Nc5 16. Be2 Nf4 17. g3 Nxe2 18. N1xe2 Bg4 19. b4 Na6 20. a3 Nb8 21.
Rhf1 Rxf1 22. Rxf1 a5 23. c5 axb4 24. axb4 Na6 25.
Rb1 Rf8 26. c6 b6 27. Ra1 Nxb4 28. Ra7 Rf7 29. Nb5 Bxe2 30. Kxe2 Nc2 31. Rxc7 Rxc7 32. Nxc7 Bf6 33. Ne6 1-0

[Event "*** Titled Tuesday Blitz"]
[Site "Chess.com"]
[Date "2021.03.09"]
[Round "1"]
[White "KingCyber19"]
[Black "HouseOfDurin"]
[Result "1-0"]
[WhiteElo "2513"]
[BlackElo "2136"]
[TimeControl "180+1"]
[EndTime "10:05:58 PST"]
[Termination "KingCyber19 won on time"]

1. d4 Nf6 2. c4 c5 3. d5 b5 4. cxb5 a6 5. e3 axb5 6. Bxb5 Bb7 7. Nc3 e6 8. e4 Qa5 9. Bd2 Nxe4 10. Bxd7+ Nxd7 11.
Nxe4 Qc7 12. dxe6 Bxe4 13. exd7+ Qxd7 14. Nf3 Bd3 15. Be3 Rd8 16. Ne5 Qb5 17. Nxd3 Rxd3 18. Qe2 Be7 19. Bxc5 Qxc5 20. Qxd3 Qe5+ 21. Qe2 Bb4+ 22.
Kf1 Qxe2+ 23. Kxe2 Ke7 24. a3 Bd6 25. b4 Rc8 26.
Rac1 Ra8 27. Rc3 Ra4 28. Rb1 Be5 29. Re3 f6 30. f4 1-0

[Event "*** Titled Tuesday Blitz"]
[Site "Chess.com"]
[Date "2021.03.09"]
[Round "1"]
[White "Philosopherrr"]
[Black "Ziyamammadov"]
[Result "1-0"]
[WhiteElo "2487"]
[BlackElo "1774"]
[TimeControl "180+1"]
[EndTime "10:05:58 PST"]
[Termination "Philosopherrr won by resignation"]

1. e4 e6 2. d4 d5 3. Nc3 Bb4 4. e5 c5 5. Bd2 Bxc3 6. Bxc3 cxd4 7. Qxd4 Nc6 8. Qg4 g6 9. O-O-O Nge7 10. h4 h5 11. Qf4 Nf5 12. Nf3 a6 13. Ng5 b5 14.
f3 Rb8 15. g4 hxg4 16. fxg4 Nh6 17. Bd3 d4 18. Bd2 Qd5 19. Kb1 Qxe5 20. Qf3 Bb7 21.
Rhe1 Qd6 22. Qf6 Qd8 23. Qxh8+ Ke7 24. Qxh6 Qd5 25. Qg7 b4 26. Qxf7+ Kd6 27. Rxe6+ 1-0

[Event "*** Titled Tuesday Blitz"]
[Site "Chess.com"]
[Date "2021.03.09"]
[Round "1"]
[White "kobemagic"]
[Black "bakki78"]
[Result "1-0"]
[WhiteElo "2434"]
[BlackElo "2773"]
[TimeControl "180+1"]
[EndTime "10:06:01 PST"]
[Termination "kobemagic won by resignation"]

1. c4 Nf6 2. g3 e5 3. Bg2 c6 4. d4 exd4 5. Qxd4 d5 6. Nf3 Be6 7. O-O Nbd7 8. cxd5 Bxd5 9. Nc3 Bc5 10.
Qh4 Bxf3 11. Bxf3 O-O 12. Rd1 Qe7 13. Bg5 h6 14. Rxd7 hxg5 15. Rxe7 gxh4 16. Rxb7 hxg3 17. hxg3 Rab8 18. Bxc6 Ng4 19. e3 Ne5 20. Rxb8 Rxb8 21. Bd5 Rxb2 22. Na4 Rb5 23. Nxc5 Rxc5 24. e4 Kf8 25.
Rb1 Rc7 26. f4 Ng4 27. Rb8+ Ke7 28. Rb7 Rxb7 29. Bxb7 f6 30. Kg2 Ne3+ 31. Kf3 Nc4 32. Bd5 Nb6 33. Ke3 f5 34. Kd4 fxe4 35. Bxe4 Kd6 36.
g4 Nd7 37. g5 Nf8 38. Bf5 g6 39. Bg4 Nh7 40. Kc4 Nf8 41. Kb5 Kd5 42. f5 gxf5 43. Bxf5 Ke5 44. g6 Kf6 45. Ka6 1-0

[Event "*** Titled Tuesday Blitz"]
[Site "Chess.com"]
[Date "2021.03.09"]
[Round "1"]
[White "tdf98pantani"]
[Black "losersgame"]
[Result "1-0"]
[WhiteElo "2667"]
[BlackElo "2360"]
[TimeControl "180+1"]
[EndTime "10:06:01 PST"]
[Termination "tdf98pantani won on time"]

1. e4 e5 2. Nf3 Nc6 3. Nc3 g6 4. d4 exd4 5. Nd5 Bg7 6. Bg5 Nce7 7. Bc4 c6 8. Nxe7 Nxe7 9. O-O h6 10. Bh4 Qb6 11. c3 g5 12. Bg3 d5 13. exd5 cxd5 14. Bb3 dxc3 15. Ba4+ Nc6 16. Re1+ Be6 17. bxc3 O-O 18.
Rb1 Qa5 19. Rxb7 Rac8 20. h4 g4 21. Nd4 Nxd4 22. cxd4 h5 23. Bb3 Bxd4 24. Rxe6 fxe6 25. Qxd4 Qe1+ 26. Kh2 Rf7 27. Rxf7 Kxf7 28. Qxa7+ Kg6 29. f4 1-0

[Event "*** Titled Tuesday Blitz"]
[Site "Chess.com"]
[Date "2021.03.09"]
[Round "1"]
[White "FontVella8"]
[Black "Hikaru"]
[Result "0-1"]
[WhiteElo "2485"]
[BlackElo "3171"]
[TimeControl "180+1"]
[EndTime "10:06:05 PST"]
[Termination "Hikaru won by resignation"]

1. e4 g6 2. d4 Bg7 3. Nc3 c6 4. Be3 d5 5. Qd2 dxe4 6. Nxe4 Nf6 7. Nxf6+ exf6 8. Nf3 O-O 9. Be2 Nd7 10. O-O Re8 11.
Rfe1 b5 12. a4 bxa4 13. Rxa4 Nb6 14. Raa1 Nd5 15. Bh6 a5 16. Bxg7 Kxg7 17. Ra3 Rb8 18. b3 Nb4 19. Rea1 Bf5 20. Bd1 c5 21. Rxa5 cxd4 22.
h3 Nc6 23. Rxf5 gxf5 24. Nh4 Re5 25. Bf3 Ne7 26. Qf4 Qd7 27. Ra6 Ng6 28. Nxg6 hxg6 29. Rc6 g5 30. Qd2 Rbe8 31. g3 R8e6 32. Rc4 Rd6 33. b4 d3 34. cxd3 Rxd3 0-1

[Event "*** Titled Tuesday Blitz"]
[Site "Chess.com"]
[Date "2021.03.09"]
[Round "1"]
[White "IsuruAlahakoon"]
[Black "dozer80"]
[Result "0-1"]
[WhiteElo "2265"]
[BlackElo "2576"]
[TimeControl "180+1"]
[EndTime "10:06:06 PST"]
[Termination "dozer80 won on time"]

1. Nf3 g6 2. d4 Bg7 3. Bf4 d6 4. Nc3 Nf6 5. e4 c6 6. Qd2 b5 7. Bd3 Bg4 8. O-O-O Nbd7 9. e5 b4 10. exf6 bxc3 11. Qxc3 Nxf6 12. Qxc6+ Bd7 13. Qc3 O-O 14. Qd2 Rb8 15. Bh6 Qb6 16. b3 a5 17. Bxg7 Kxg7 18. h4 h5 19. Rhe1 Rfe8 20. Ng5 Qxd4 21. c3 Qc5 22.
Bc4 d5 23. Bxd5 Nxd5 24. Qxd5 Qxc3+ 25. Kb1 Bf5+ 26. Ne4 Red8 0-1

[Event "*** Titled Tuesday Blitz"]
[Site "Chess.com"]
[Date "2021.03.09"]
[Round "1"]
[White "J36225"]
[Black "Joseacorrea"]
[Result "0-1"]
[WhiteElo "2487"]
[BlackElo "2093"]
[TimeControl "180+1"]
[EndTime "10:06:06 PST"]
[Termination "Joseacorrea won by resignation"]

1. e4 c5 2. Nf3 Nc6 3. Bb5 g6 4. Bxc6 bxc6 5. d3 Bg7 6. Nc3 d6 7. O-O Nf6 8. h3 O-O 9. e5 Nd5 10. exd6 Nxc3 11. dxe7 Qxe7 12. bxc3 Bxc3 13. Rb1 Be6 14.
Bb2 Bxb2 15. Rxb2 Qf6 16. Rb7 Rfb8 17. Qb1 Rd8 18. Qb2 Qf4 19. Qe5 Qa4 20. Ng5 Rd5 21. Qf4 Qxf4 0-1

[Event "*** Titled Tuesday Blitz"]
[Site "Chess.com"]
[Date "2021.03.09"]
[Round "1"]
[White "NateSolon"]
[Black "tandaleo"]
[Result "0-1"]
[WhiteElo "2593"]
[BlackElo "2325"]
[TimeControl "180+1"]
[EndTime "10:06:08 PST"]
[Termination "tandaleo won by resignation"]

1. d4 d5 2. c4 e6 3. Nf3 c6 4.
g3 dxc4 5. Bg2 Nf6 6. O-O b5 7. a4 Bb7 8. Ne5 Nd5 9. e4 Nf6 10. Nc3 a6 11. axb5 cxb5 12. d5 Nbd7 13. Nxf7 Kxf7 14.
dxe6+ Kxe6 15. Bg5 Ne5 16. Nd5 Bc5 17. Kh1 Kf7 18.
f4 Ng6 19. f5 Ne5 20. Bxf6 gxf6 21. Qh5+ Kg7 22. Rad1 Qe8 23. Qh4 Bxd5 24. Rxd5 Be3 25. Rfd1 Bg5 26. Qh3 Qe7 27. Rxe5 Qxe5 28. Rd7+ Kf8 29.
Bf3 Qe8 30. Rb7 Rd8 31. Bh5 Qxe4+ 0-1

[Event "*** Titled Tuesday Blitz"]
[Site "Chess.com"]
[Date "2021.03.09"]
[Round "1"]
[White "almo64"]
[Black "Dave_ChessMate"]
[Result "1-0"]
[WhiteElo "2762"]
[BlackElo "2405"]
[TimeControl "180+1"]
[EndTime "10:06:10 PST"]
[Termination "almo64 won by resignation"]

1. b3 Nf6 2. Bb2 d5 3. Nf3 c5 4.
e3 Nc6 5. Bb5 Bd7 6. O-O e6 7.
d3 Be7 8. Nbd2 O-O 9. e4 dxe4 10. dxe4 a6 11. Bd3 Nb4 12. Be2 Bb5 13. e5 Bxe2 14. Qxe2 Nfd5 15. Qe4 Nc6 16. Rad1 Qc7 17. c4 Nb6 18.
Qb1 Rad8 19. Ne4 Rxd1 20. Rxd1 h6 21. g4 Rd8 22. Re1 Nd7 23. Qa1 Nf8 24. h4 Ng6 25.
h5 Nf4 26. Rd1 Rxd1+ 27. Qxd1 Qd8 28. Qxd8+ Nxd8 29. Kf1 Nc6 30. Ne1 b6 31. Bc1 Nh3 32. f4 g5 33. hxg6 Ng5 34. fxg5 hxg5 35. gxf7+ Kxf7 36. Nf3 Kg6 37. Bxg5 Bxg5 38. Nexg5 b5 39. Nxe6 bxc4 40.
bxc4 Na5 41. Nxc5 1-0

[Event "*** Titled Tuesday Blitz"]
[Site "Chess.com"]
[Date "2021.03.09"]
[Round "1"]
[White "BeanScreen"]
[Black "Piotrek1979"]
[Result "1-0"]
[WhiteElo "2674"]
[BlackElo "2363"]
[TimeControl "180+1"]
[EndTime "10:06:10 PST"]
[Termination "BeanScreen won by resignation"]

1. e4 c6 2. d4 d5 3. exd5 cxd5 4. Bd3 Nc6 5. c3 Nf6 6. Bf4 Bg4 7. Qb3 Qc8 8. Nd2 e6 9. Ngf3 Be7 10. O-O O-O 11. Qc2 Bh5 12. Ne5 Bg6 13. Nxg6 hxg6 14. Nf3 Nd7 15.
Qe2 a6 16. a4 Na5 17. Rfe1 Qc6 18. Ne5 Nxe5 19. dxe5 Rac8 20. Qg4 Rfd8 21. h4 d4 22. Be4 Qb6 23. h5 gxh5 24. Qxh5 g6 25. Bxg6 fxg6 26. Qxg6+ Kh8 27. Bg5 Bxg5 28. Qxg5 Qc7 29.
Re4 Qg7 30. Qh4+ Qh7 31. Qf6+ Qg7 32. Rh4+ Kg8 33. Qxe6+ Qf7 34. Rh8+ Kxh8 35. Qxf7 1-0

[Event "*** Titled Tuesday Blitz"]
[Site "Chess.com"]
[Date "2021.03.09"]
[Round "1"]
[White "Lupul_Cenusiu"]
[Black "buhomurciano"]
[Result "1-0"]
[WhiteElo "2583"]
[BlackElo "2272"]
[TimeControl "180+1"]
[EndTime "10:06:10 PST"]
[Termination "Lupul_Cenusiu won by resignation"]

1. d4 Nf6 2. Nf3 g6 3. c4 Bg7 4. Nc3 O-O 5. e3 d6 6. Be2 Nbd7 7. O-O e5 8. b3 Qe7 9. Bb2 e4 10.
Nd2 Re8 11. Qc2 Nf8 12. Rae1 Bf5 13. b4 Ne6 14. Qb3 h5 15. f3 exf3 16. Bxf3 c6 17. d5 Ng5 18. dxc6 Nxf3+ 19. Nxf3 bxc6 20. Nd4 Bd7 21. b5 Rab8 22. a4 Ng4 23. h3 Nxe3 24. Nd1 Bh6 25. Rf3 c5 26. Nc2 Nxd1 27. Rxe7 Rxe7 28.
Bf6 Ree8 29. Qd3 Bf5 30. Qxd1 Re6 31. Bh4 1-0

[Event "*** Titled Tuesday Blitz"]
[Site "Chess.com"]
[Date "2021.03.09"]
[Round "1"]
[White "S-Fazulyanov"]
[Black "pfalcon1949"]
[Result "1-0"]
[WhiteElo "2503"]
[BlackElo "2041"]
[TimeControl "180+1"]
[EndTime "10:06:10 PST"]
[Termination "S-Fazulyanov won by resignation"]

1. e4 c5 2. Nf3 Nc6 3. d4 cxd4 4. Nxd4 Nf6 5. Nc3 e5 6. Ndb5 d6 7. Nd5 Nxd5 8. exd5 Nb8 9. c4 Be7 10. Be2 f5 11. f4 Bf6 12. Nc3 O-O 13. O-O Nd7 14. Kh1 Qe7 15. Qc2 e4 16. Be3 b6 17. Rab1 Nc5 18. b4 Na6 19. Rfc1 Bd7 20. c5 dxc5 21. Bxa6 cxb4 22. Ne2 Qd6 23. Qb3 h6 24. Qxb4 Qb8 25.
Bd4 Kh7 26. Bxf6 Rxf6 27. Qe7 Ba4 28. Rc7 Qg8 29. Qxf6 Rf8 30. Qe5 b5 31. Bxb5 Bxb5 32. Rxb5 Re8 33. Qxf5+ Kh8 34. Rbb7 Rb8 35. Rxb8 Qxb8 36.
Rc8+ Qxc8 37. Qxc8+ 1-0

[Event "*** Titled Tuesday Blitz"]
[Site "Chess.com"]
[Date "2021.03.09"]
[Round "1"]
[White "zurzan"]
[Black "Kislov_Oleg"]
[Result "0-1"]
[WhiteElo "1960"]
[BlackElo "2491"]
[TimeControl "180+1"]
[EndTime "10:06:10 PST"]
[Termination "Kislov_Oleg won by checkmate"]

1. f4 e5 2. fxe5 d6 3. exd6 Bxd6 4. Nf3 g5 5. g3 g4 6. Nh4 Ne7 7. d4 Ng6 8. Nxg6 hxg6 9. Qd3 Bf5 10. e4 Qe7 11. Bg2 Nc6 12. c3 O-O-O 13. Nd2 Rhe8 14. O-O Bd7 15. e5 Nxe5 16. dxe5 Bc5+ 17. Kh1 Bc6 18. Qe2 Bxg2+ 19. Qxg2 Qxe5 20. Nb3 Bb6 21. Bf4 Qh5 22. Rad1 Rxd1 23. Rxd1 Qb5 24. Nd4 Bxd4 25. cxd4 Re2 26. a4 Qxb2 27. Qd5 Rxh2+ 28. Kg1 Qf2# 0-1

[Event "*** Titled Tuesday Blitz"]
[Site "Chess.com"]
[Date "2021.03.09"]
[Round "1"]
[White "Semen_Khanin"]
[Black "boasovietica"]
[Result "1-0"]
[WhiteElo "2830"]
[BlackElo "2439"]
[TimeControl "180+1"]
[EndTime "10:06:11 PST"]
[Termination "Semen_Khanin won on time"]

1. e4 e5 2. Nf3 Nc6 3. Bc4 Bc5 4. O-O d6 5. d3 Nf6 6. c3 a6 7. Bb3 Ba7 8. Nbd2 O-O 9. h3 Ne7 10. Re1 Ng6 11. Nf1 Be6 12. Bc2 Re8 13. Ng3 h6 14. d4 Qd7 15. Be3 Nf4 16. Nf5 Bxf5 17.
exf5 N4d5 18. dxe5 Nxe3 19. Rxe3 Bxe3 20. exf6 Bb6 21. Qd2 Qd8 22. fxg7 Qf6 23. Nh2 Qg5 24. Qxg5 hxg5 25. Ng4 Kxg7 26. f6+ Kf8 27. Rd1 Re2 28.
Bb3 Rae8 29. Rd5 Rxb2 30. Rxg5 Re1+ 31. Kh2 Bxf2 32. Rg7 Rbb1 33. Nxf2 c6 34. Rxf7+ Ke8 35. Rxb7 d5 36. Ng4 1-0

[Event "*** Titled Tuesday Blitz"]
[Site "Chess.com"]
[Date "2021.03.09"]
[Round "1"]
[White "Mr_Sinigami"]
[Black "urutodo"]
[Result "1-0"]
[WhiteElo "2607"]
[BlackElo "2307"]
[TimeControl "180+1"]
[EndTime "10:06:12 PST"]
[Termination "Mr_Sinigami won by resignation"]

1. d4 c6 2. Nf3 d5 3. Bf4 e6 4. e3 Bd6 5. Bg3 Bxg3 6. hxg3 Nf6 7. Nbd2 Nbd7 8. Bd3 Qe7 9. e4 dxe4 10. Bxe4 c5 11. Qe2 Nxe4 12. Nxe4 b6 13. O-O-O O-O 14. Neg5 Nf6 15.
Nxh7 Nxh7 16. Qe4 Ng5 17. Qxa8 Bb7 18. Qxa7 Ra8 19. Qxb6 Nxf3 20. gxf3 Bxf3 21. dxc5 Bxh1 22. Rxh1 Qg5+ 23. Kb1 Qd5 24. Re1 Qxa2+ 25. Kc1 Qa1+ 26. Kd2 Qa4 27. Re3 Rc8 28. Rd3 Qe4 29. Rd8+ Rxd8+ 30. Qxd8+ Kh7 31. Qh4+ Qxh4 32. gxh4 Kg6 33. c6 Kf6 34.
c7 1-0

[Event "*** Titled Tuesday Blitz"]
[Site "Chess.com"]
[Date "2021.03.09"]
[Round "1"]
[White "BigAl"]
[Black "C_K_G"]
[Result "1-0"]
[WhiteElo "2495"]
[BlackElo "2015"]
[TimeControl "180+1"]
[EndTime "10:06:13 PST"]
[Termination "BigAl won by resignation"]

1. Nf3 d5 2. g3 e6 3. Bg2 Nf6 4.
O-O c5 5. d3 Nc6 6. Nbd2 Be7 7.
e4 O-O 8. Re1 h6 9. e5 Nd7 10. h4 Qc7 11. Qe2 d4 12. a4 Nb6 13.
Nf1 Bd7 14. N1h2 Nd5 15. Ng4 Kh7 16. Nd2 a5 17. Nc4 Ncb4 18. Be4+ Kh8 19. Bxh6 gxh6 20. Qd2 Ne3 21. fxe3 Rg8 22. exd4 Bf8 23. Nf6 Rxg3+ 24. Kh2 Rg6 25. Bxg6 fxg6 26. Qg2 Be8 27. Nxe8 Rxe8 28. Qxg6 Qe7 29. Re4 Bg7 30. Rg1 Rg8 31. Kh3 Nxc2 32.
Nd6 Nxd4 33. Nf7+ Qxf7 34. Qxf7 1-0